 Dungeon Crawl Stone Soup version 0.28.0-45-g0d030f2227 (webtiles) character file.

Game seed: 10418488473318111436

86 Icepheonix32 the Skirmisher (level 4, -7/36 HPs)
             Began as a Demonspawn Fighter on Apr 13, 2022.
             Killed by divine providence
             ... invoked by an orc priest
              (12 damage)
             ... on level 3 of the Dungeon.
             The game lasted 00:02:41 (1673 turns).

Icepheonix32 the Skirmisher (Demonspawn Fighter)    Turns: 1673, Time: 00:02:42

Health: -7/36      AC: 11    Str: 24    XL:     4   Next: 26%
Magic:  4/4        EV:  9    Int: 10    God:
Gold:   93         SH:  4    Dex: 12    Spells: 3/3 levels left

rFire   . . .      SeeInvis .   a - +0 long sword
rCold   . . .      Faith    .   c - +0 buckler
rNeg    . . .      Spirit   .   b - +0 scale mail
rPois   .          Reflect  .   i - +0 helmet
rElec   .          Harm     .   (no cloak)
rCorr   .          Rampage  .   h - +2 pair of gloves
Will    .....                   (no boots)
Stlth   ..........              p - amulet of the acrobat
HPRegen 0.12/turn               e - +6 ring of strength
MPRegen 0.09/turn               (no ring)

@: mighty
A: ignite blood 1
a: no special abilities


You were on level 3 of the Dungeon.
You visited 1 branch of the dungeon, and saw 3 of its levels.

You collected 93 gold pieces.

Inventory:

Hand Weapons
 a - a +0 long sword (weapon)
Missiles
 l - 4 poisoned darts (quivered)
Armour
 b - a +0 scale mail (worn)
 c - a +0 buckler (worn)
 h - a +2 pair of gloves (worn)
 i - a +0 helmet (worn)
Jewellery
 e - a +6 ring of strength (left hand)
 p - an amulet of the acrobat (around neck)
Scrolls
 f - 3 scrolls of identify {unknown}
 g - a scroll of silence {unknown}
 j - a scroll of fear {unknown}
 m - a scroll of teleportation {unknown}
Potions
 k - a potion of ambrosia {unknown}
 n - a potion of attraction {unknown}
 o - a potion of degeneration {unknown}
 q - a potion of mutation {unknown}


   Skills:
 + Level 3.6 Fighting
 + Level 2.7 Long Blades
 + Level 3.2 Armour
 + Level 0.7 Dodging
 + Level 3.0 Shields


You had 3 spell levels left.
You didn't know any spells.
Your spell library was empty.

Dungeon Overview and Level Annotations

Branches:
Dungeon (3/15)

Altars:

Shops:
D:2 (


Innate Abilities, Weirdness & Mutations

Your demonic aura sometimes causes spilled blood to erupt in flames.


Message History

An orc comes into view. It is wielding a +0 morningstar.
The orc shouts!
The orc moves out of view.
An orc comes into view. It is wielding a +0 hand axe.
The orc shouts!
You block the kobold's attack.
You closely miss the kobold. The kobold hits you but does no damage.
The kobold closely misses you.
You closely miss the kobold. You block the orc priest's attack.
The kobold barely misses you.
You closely miss the kobold.
The orc priest hits you from afar with a +0 trident.
You block the kobold's attack.
The orc priest hits you but does no damage.
You closely miss the kobold. The kobold hits you but does no damage.
The orc priest hits you from afar with a +0 trident.
The kobold hits you with a +0 dagger.
You hit the kobold.
You kill the kobold!
The orc priest closely misses you.
You hit the orc.
The orc is almost dead.
You block the orc priest's attack.
The orc priest invokes the aid of Beogh against you.
Beogh smites you!
* * * LOW HITPOINT WARNING * * *
You are too injured to fight recklessly!
You are too injured to fight recklessly!
You are too injured to fight recklessly!
Unknown command.
You feel very mighty all of a sudden. The orc hits you with a +0 hand axe.
* * * LOW HITPOINT WARNING * * *
The orc priest closely misses you.
Unknown command.
You hit the orc.
The orc is lightly wounded.
The orc priest invokes the aid of Beogh against you.
Beogh smites you!
You die...

#.# ##..........
..# ###..##.......
.## #...###.......
..######.###
######## #.....##.#
##...†######
#....†.......
#........####
#@..........
....o.)o...........
.....o#############
..(... ...). .....
.... ....


You could see an orc priest and 2 orcs.

Vanquished Creatures
  Jessica (D:2)
  An adder (D:2)
  A worm (D:3)
  A dart slug (D:1)
  2 bats
  3 endoplasms
  7 giant cockroaches (D:1)
  A goblin (D:1)
  5 hobgoblins
  3 jackals (D:1)
  2 kobolds
  3 quokkas
  5 ball pythons
  3 frilled lizards (D:1)
  4 rats (D:1)
42 creatures vanquished.

Notes
Turn   | Place    | Note
-------+----------+-------------------------------------------
     0 | D:1      | Icepheonix32 the Demonspawn Fighter began the quest for the
                  | Orb.
     0 | D:1      | Reached XP level 1. HP: 18/18 MP: 1/1
   390 | D:1      | Gained mutation: Your demonic aura sometimes causes spilled
                  | blood to erupt in flames. [demonic ancestry]
   390 | D:1      | Reached XP level 2. HP: 24/24 MP: 2/2
   667 | D:1      | Found a faded altar of an unknown god.
   930 | D:1      | Reached XP level 3. HP: 29/29 MP: 3/3
  1339 | D:2      | Noticed Jessica
  1343 | D:2      | Killed Jessica
  1377 | D:2      | Reached XP level 4. HP: 36/36 MP: 4/4
  1472 | D:2      | Found Ketus's Weapon Shop.
  1673 | D:3      | Killed from afar by an orc priest

Illustrated notes

Levels and vault maps discovered:
D:1:      minmay_arrival_four_houses, layout_loops_ring,
          chequers_ecumenical_altar_island, minmay_worlds_worst_comb
D:2:      layout_basic, serial_shops, shop, uniq_crazy_yiuf_cottage,
          uniq_jessica
D:3:      layout_rooms, lemuel_tele_altar

Skill      XL: |  1  2  3 |
---------------+----------+-----
Long Blades    | 2 |  2.7
Armour         | 3 |  3.2
Shields        | 3 |  3.0
Fighting       | |  3.6
Dodging        | |  0.7

Action                   |  1- 3 |  4- 6 || total
-------------------------+-------+-------++-------
Melee: Long sword        |   107 |    22 ||   129
  Use: Potion            |       |     1 ||     1
Armor: Scale mail        |    49 |    13 ||    62
Dodge: Dodged            |    58 |    10 ||    68
Block: Buckler           |    30 |     5 ||    35
